 Dungeon Crawl Stone Soup version 0.20-a0-1065-g8446734 (webtiles) character file.

42450 Lochraine the Carver (level 13, -5/111 HPs)
             Began as a Black Draconian Artificer on Apr 28, 2017.
             Was the Champion of Kikubaaqudgha.
             Engulfed by an ice statue's freezing vapour (20 damage)
             ... on level 11 of the Dungeon.
             The game lasted 01:12:34 (17475 turns).

Lochraine the Carver (Black Draconian Artificer)   Turns: 17475, Time: 01:12:34

Health: -5/111     AC: 12    Str: 14    XL:     13   Next: 85%
Magic:  32/34      EV: 17    Int: 15    God:    Kikubaaqudgha [******]
Gold:   1212       SH:  0    Dex: 14    Spells: 1/28 levels left

rFire    + . .     SeeInvis .   q - +6 demon blade (vamp)
rCold    + . .     Gourm    .   (no shield)
rNeg     + . .     Faith    .   (armour unavailable)
rPois    +         Spirit   .   (helmet restricted)
rElec    +         Reflect  .   O - +2 cloak {rPois}
rCorr    +         Harm     .   (no gloves)
MR       .....                  d - +0 pair of boots (curse)
Stlth    ++........             (no amulet)
Regen    0.3/turn               t - ring of positive energy
MPRegen  0.3/turn               F - ring of magical power

@: resistant, very slightly contaminated, slowed, drained, very slow
A: breathe lightning, unfitting armour, electricity resistance, cold-blooded, AC
+8
a: Breathe Lightning, Receive Corpses, Torment, Renounce Religion


You were on level 11 of the Dungeon.
You worshipped Kikubaaqudgha.
Kikubaaqudgha was exalted by your worship.
You were not hungry.

You visited 2 branches of the dungeon, and saw 17 of its levels.
You also visited: Ossuary.

You collected 1428 gold pieces.
You spent 216 gold pieces at shops.

Inventory:

Hand Weapons
 a - the +8 falchion of Experimentation {slice, rPois rN+}
   (You bought it in a shop on level 4 of the Dungeon)

   It inflicts extra damage upon your enemies.
   It protects you from poison.
   It protects you from negative energy.
 b - a +3 rapier of draining
 q - a +6 vampiric demon blade (weapon)
Missiles
 A - 8 steel tomahawks (quivered)
Armour
 d - a cursed +0 pair of boots (worn)
 O - a +2 cloak of poison resistance (worn)
Jewellery
 g - an uncursed ring of flight
 r - an uncursed ring of see invisible
 t - a ring of positive energy (left hand)
 F - a ring of magical power (right hand)
 W - an uncursed ring of fire
Wands
 c - a wand of enslavement (18/24)
 o - a wand of digging (5/24)
 u - a wand of iceblast (9/15)
 v - a wand of flame (3/48)
 w - a wand of polymorph (11/24)
 y - a wand of acid (6/15)
 C - a wand of iceblast (0/15)
 Q - a wand of disintegration (13/24)
 T - a wand of disintegration (2/24)
 Z - a wand of digging (17/24)
Scrolls
 e - 15 scrolls of teleportation
 h - 5 scrolls of identify
 k - 4 scrolls of magic mapping
 l - 3 scrolls of amnesia
 m - 13 scrolls of remove curse
 H - a scroll of fear
 J - a scroll of fog
 R - 4 scrolls of recharging
Potions
 i - 2 potions of mutation
 j - 2 potions of berserk rage
 p - 5 potions of flight
 x - 4 potions of curing
 z - 4 potions of lignification
 E - a potion of haste
 G - 5 potions of brilliance
 I - 3 potions of cancellation
 K - 2 potions of invisibility
 M - 3 potions of agility
Books
 n - Kikubaaqudgha's Grimoire of Black Rites
   (Kikubaaqudgha gifted it to you on level 4 of the Dungeon)

   Spells                             Type                      Level
   a - Pain                           Necromancy                   1
   b - Corpse Rot                     Necromancy                   2
   c - Sublimation of Blood           Necromancy                   2
   d - Regeneration                   Charms/Necromancy            3
   e - Control Undead                 Necromancy                   4
 s - a book of Enchantments

   Spells                             Type                      Level
   a - Cause Fear                     Hexes                        4
   b - Yara's Violent Unravelling     Hexes/Transmutation          5
   c - Silence                        Hexes/Air                    5
   d - Deflect Missiles               Charms/Air                   6
   e - Discord                        Hexes                        8
 D - a book of Power

   Spells                             Type                      Level
   a - Iskenderun's Battlesphere      Conjuration/Charms           5
   b - Venom Bolt                     Conjuration/Poison           5
   c - Bolt of Magma                  Conjuration/Fire/Earth       5
   d - Iron Shot                      Conjuration/Earth            6
   e - Orb of Destruction             Conjuration                  7
   f - Spellforged Servitor           Conjuration/Summoning        7
 L - Kikubaaqudgha's Handbook of Darkness
   (Kikubaaqudgha gifted it to you in an ossuary)

   Spells                             Type                      Level
   a - Animate Dead                   Necromancy                   4
   b - Excruciating Wounds            Charms/Necromancy            5
   c - Bolt of Draining               Conjuration/Necromancy       5
   d - Agony                          Necromancy                   5
   e - Dispel Undead                  Necromancy                   5
 S - a Necronomicon

   Spells                             Type                      Level
   a - Haunt                          Necromancy/Summoning         7
   b - Borgnjor's Revivification      Necromancy                   8
   c - Death's Door                   Charms/Necromancy            8
   d - Infestation                    Necromancy                   8
   e - Necromutation                  Transmutation/Necromancy     8
 V - a book of Frost

   Spells                             Type                      Level
   a - Freeze                         Ice                          1
   b - Throw Frost                    Conjuration/Ice              2
   c - Ozocubu's Armour               Charms/Ice                   3
   d - Throw Icicle                   Conjuration/Ice              4
   e - Summon Ice Beast               Ice/Summoning                4
 X - a book of Summonings

   Spells                             Type                      Level
   a - Recall                         Summoning/Translocation      3
   b - Aura of Abjuration             Summoning                    5
   c - Summon Demon                   Summoning                    5
   d - Summon Forest                  Summoning/Translocation      5
   e - Summon Mana Viper              Hexes/Summoning              5
   f - Shadow Creatures               Summoning                    6
Comestibles
 f - 7 bread rations
 B - 3 chunks of flesh
 P - 7 royal jellies
 U - 11 fruits


   Skills:
 + Level 9.3(8.9) Fighting
 - Level 2.2(7.1) Short Blades
 + Level 11.0(10.8) Long Blades
 + Level 7.9(7.6) Dodging
 - Level 0.8(0.6) Stealth
 - Level 8.0(7.7) Spellcasting
 - Level 8.8(8.5) Conjurations
 - Level 4.5(4.2) Charms
 + Level 10.9(10.6) Necromancy
 - Level 5.3(5.0) Ice Magic
 - Level 3.9(3.6) Evocations


You had one spell level left.
You knew the following spells:

 Your Spells              Type           Power        Failure   Level  Hunger
a - Corpse Rot            Necr           N/A          1%          2    None
b - Regeneration          Chrm/Necr      ####......   1%          3    ##.....
c - Animate Dead          Necr           N/A          1%          4    ####...
d - Ozocubu's Armour      Chrm/Ice       ###.....     5%          3    ##.....
e - Agony                 Necr           #####...     4%          5    #####..
f - Bolt of Draining      Conj/Necr      ####......   7%          5    #####..
g - Dispel Undead         Necr           #####...     4%          5    #####..


Dungeon Overview and Level Annotations

Branches:
Dungeon (11/15)            Temple (0/1) D:5            Lair (6/6) D:8
  Swamp (0/4) Lair:3        Snake (0/4) Lair:2        Slime (0/5) Lair:6
    Orc (0/2) D:10

Altars:
Cheibriados
Fedhas
Gozag
Hepliaklqana
Kikubaaqudgha
Makhleb
Nemelex Xobeh
Okawaru
Trog
Uskayaw
Xom
The Shining One

Shops:
D:4 (   D:7 }

Annotations:
D:11 exclusion: ice statue
Lair:2 exclusion: 2 oklob plants


Innate Abilities, Weirdness & Mutations

You can breathe wild blasts of lightning.
Your glossy black scales are hard. (AC +8)
You cannot fit into any form of body armour.
You are resistant to electric shocks. (rElec)
You are cold-blooded and may be slowed by cold attacks.


Message History

The ice beast hits you but does no damage.
The ice beast closely misses you. The ice beast barely misses you.
The ice beast hits you but does no damage.
The ice statue gestures at you.
The freezing blast engulfs the ice beast.
The ice beast completely resists.
The ice beast hits you.
* * * LOW HITPOINT WARNING * * *
The ice beast freezes you! You resist.
* * * LOW HITPOINT WARNING * * *
The ice beast hits you but does no damage.
The ice beast closely misses you.
The ice statue glitters chillingly in the dim dungeon light.
Okay, then.
Unknown command.
Okay, then.
Unknown command.
Unknown command.
You are engulfed in freezing vapours.
You resist.
You die...
Kikubaaqudgha rasps: "You have failed me!
Welcome... death!"

#.# #.# #.#
#.# #### #.##
....####..###
............#
.......§....#
......§§§@..#
.....§§Y§§..#
#.....§YY§§.#
#.....8§§...#
....../§....#
.............#
.............#
.............#
.............#


You could see an ice statue and 3 ice beasts.

Vanquished Creatures
  A fire dragon (Lair:6)
  4 hydras
  The ghost of Bronet the Cleaver, a novice DDFi of Elyvilon (D:9)
  A two-headed ogre (D:10)
  6 death yaks
  The ghost of grisnicke the Carver, a novice MiMo of Wu Jian (D:7)
  A fire crab (Lair:6)
  An unseen horror (D:11)
  7 komodo dragons
  5 elephants
  2 molten gargoyles (Lair:6)
  7 black mambas
  12 spiny frogs
  5 blink frogs
  5 hippogriffs
  Prince Ribbit (D:7)
  2 dream sheep (Lair:4)
  11 yaks
  7 wyverns
  A basilisk (Lair:6)
  2 steam dragons (Lair:6)
  3 hungry ghosts
  A warg (D:10)
  Edmund (D:6)
  11 water moccasins
  3 swamp worms (Lair:3)
  11 porcupines
  4 hell hounds (Lair:6)
  A black bear (D:9)
  4 orc warriors
  An ice beast (D:6)
  3 sky beasts
  3 phantoms
  8 ogres
  2 necrophages (Lair:4)
  23 wolves
  4 centaurs
  14 crocodiles
  2 big kobolds
  8 bullfrogs
  A water moccasin zombie (D:5)
  2 scorpions (D:5)
  6 wights
  5 howler monkeys
  An electric eel (Lair:3)
  A jelly (D:9)
  A bullfrog zombie (D:9)
  4 lava snakes (Lair:6)
  A human zombie (Ossuary)
  6 crimson imps
  3 centaur zombies (Ossuary)
  12 orc wizards
  7 hounds
  Crazy Yiuf (D:7)
  A centaur skeleton (D:7)
  8 orc priests
  Jessica (D:2)
  An iguana (D:7)
  Terence (D:2)
  Natasha (thrice) (D:4)
  10 worker ants
  A big kobold zombie (Ossuary)
  6 hound zombies
  3 mummies (Ossuary)
  2 worker ant zombies
  11 adders
  10 gnolls
  A howler monkey skeleton (D:9)
  5 shadow imps
  An ooze (D:2)
  6 adder zombies
  An adder skeleton (D:10)
  A worm (D:4)
  2 dart slugs (D:1)
  5 leopard geckos
  30 orcs
  5 bats
  7 giant cockroaches
  2 gnoll zombies (Ossuary)
  6 goblins
  8 hobgoblins
  7 jackals
  15 kobolds
  6 quokkas
  5 ball pythons
  5 frilled lizards
  2 goblin zombies (Ossuary)
  5 hobgoblin zombies (Ossuary)
  5 jackal zombies (Ossuary)
  3 kobold zombies (Ossuary)
  A leopard gecko zombie (D:6)
  2 orc zombies (Ossuary)
  A quokka skeleton (D:4)
  4 quokka zombies
  6 rats
  2 rat zombies (Ossuary)
  A fungus (Lair:5)
449 creatures vanquished.

Vanquished Creatures (collateral kills)
  2 hydras
  2 black mambas
  3 elephants (Lair:4)
  A molten gargoyle (Lair:6)
  5 spiny frogs
  3 komodo dragons
  A polar bear (Lair:5)
  2 dream sheep (Lair:4)
  2 hippogriffs (Lair:4)
  5 blink frogs
  A wyvern (Lair:4)
  5 yaks
  A basilisk (Lair:6)
  3 nagas (Lair:2)
  3 water moccasins
  2 porcupines (Lair:3)
  2 necrophages (Lair:4)
  3 wolves (Lair:2)
  A crocodile (Lair:4)
  2 bullfrogs
  2 adders (D:9)
  An orc (D:9)
  2 butterflies (Lair:4)
  A plant (Lair:1)
55 creatures vanquished.

Vanquished Creatures (others)
  2 spiny frogs
  A yak (Lair:2)
  12 fungi
  8 plants
23 creatures vanquished.

Grand Total: 527 creatures vanquished

Notes
Turn   | Place    | Note
-------+----------+-------------------------------------------
     0 | D:1      | Lochraine the Draconian Artificer began the quest for the Orb.
     0 | D:1      | Reached XP level 1. HP: 16/16 MP: 3/3
    97 | D:1      | Reached XP level 2. HP: 21/23 MP: 4/4
   853 | D:2      | Reached XP level 3. HP: 29/29 MP: 5/5
  1188 | D:2      | Noticed Terence
  1207 | D:2      | Killed Terence
  1207 | D:2      | Reached XP level 4. HP: 30/37 MP: 6/6
  1363 | D:2      | Found a bloodstained altar of Trog.
  1377 | D:2      | Found a sparkling altar of Nemelex Xobeh.
  1378 | D:2      | Found an opulent altar of Gozag.
  1378 | D:2      | Found a burning altar of Makhleb.
  1378 | D:2      | Found an ancient bone altar of Kikubaaqudgha.
  1379 | D:2      | Found a snail-covered altar of Cheibriados.
  1380 | D:2      | Found a hide-covered altar of Uskayaw.
  1382 | D:2      | Found an iron altar of Okawaru.
  1393 | D:2      | Became a worshipper of Kikubaaqudgha
  1421 | D:2      | Noticed Jessica
  1445 | D:2      | Killed Jessica
  1467 | D:2      | Reached XP level 5. HP: 40/44 MP: 7/7
  1778 | D:3      | Reached skill level 1 in Necromancy
  1865 | D:3      | Found a glowing golden altar of the Shining One.
  1964 | D:3      | Found a hazy altar of Hepliaklqana.
  2133 | D:4      | Found Feli's Antique Weapon Boutique.
  2152 | D:4      | Bought an ancient falchion for 216 gold pieces
  2153 | D:4      | Identified the +8 falchion of Experimentation {slice, rPois rN+} (You bought it in a shop on level 4 of the Dungeon)
  2378 | D:4      | Noticed Natasha
  2384 | D:4      | Killed Natasha
  2384 | D:4      | Reached * piety under Kikubaaqudgha
  2384 | D:4      | Identified Kikubaaqudgha's Grimoire of Black Rites (Kikubaaqudgha gifted it to you on level 4 of the Dungeon)
  2384 | D:4      | Received a gift from Kikubaaqudgha
  2384 | D:4      | Reached skill level 1 in Long Blades
  2558 | D:4      | Noticed Natasha
  2568 | D:4      | Killed Natasha
  2568 | D:4      | Reached XP level 6. HP: 51/51 MP: 8/8
  2594 | D:4      | Found Wipug's General Store.
  2720 | D:4      | Noticed Natasha
  2726 | D:4      | Killed Natasha
  2747 | D:4      | Learned a level 2 spell: Corpse Rot
  2999 | D:4      | Reached skill level 2 in Long Blades
  3012 | D:5      | Entered Level 5 of the Dungeon
  3138 | D:5      | Noticed a sky beast
  3147 | D:5      | Killed a sky beast
  3147 | D:5      | Your scales start taking on a glossy black colour.
  3147 | D:5      | Reached XP level 7. HP: 51/58 MP: 9/9
  3147 | D:5      | Gained mutation: You are resistant to electric shocks. (rElec) [Black Draconian growth]
  3186 | D:5      | Found a staircase to the Ecumenical Temple.
  3226 | D:5      | Found a hazy altar of Hepliaklqana.
  3233 | D:5      | Reached skill level 3 in Long Blades
  3790 | D:5      | Reached skill level 4 in Long Blades
  3793 | D:5      | Reached ** piety under Kikubaaqudgha
  4123 | D:5      | Reached XP level 8. HP: 67/67 MP: 10/10
  4193 | D:5      | Found a blossoming altar of Fedhas.
  4458 | D:6      | Reached skill level 5 in Fighting
  4567 | D:6      | Reached skill level 5 in Long Blades
  4617 | D:6      | Found a sand-covered staircase.
  4620 | Ossuary  | Entered an ossuary
  4730 | Ossuary  | Reached *** piety under Kikubaaqudgha
  4730 | Ossuary  | Identified Kikubaaqudgha's Handbook of Darkness (Kikubaaqudgha gifted it to you in an ossuary)
  4730 | Ossuary  | Received a gift from Kikubaaqudgha
  4867 | D:6      | Learned a level 3 spell: Regeneration
  4921 | D:6      | Reached skill level 5 in Dodging
  4965 | D:6      | Reached skill level 6 in Long Blades
  5070 | D:6      | Reached XP level 9. HP: 69/75 MP: 11/11
  5247 | D:6      | Noticed Edmund
  5257 | D:6      | Killed Edmund
  5351 | D:6      | Reached **** piety under Kikubaaqudgha
  5501 | D:7      | Reached skill level 7 in Long Blades
  5518 | D:7      | Reached skill level 5 in Necromancy
  5681 | D:7      | Noticed Prince Ribbit
  5688 | D:7      | Killed Prince Ribbit
  5688 | D:7      | Reached skill level 1 in Spellcasting
  5774 | D:7      | Reached skill level 8 in Long Blades
  6224 | D:7      | Noticed grisnicke's ghost (novice MiMo)
  6227 | D:7      | Killed grisnicke's ghost
  6227 | D:7      | Reached XP level 10. HP: 71/86 MP: 11/13
  6233 | D:7      | Learned a level 4 spell: Animate Dead
  6266 | D:7      | Found Hann's Gadget Shoppe.
  6290 | D:7      | Found a runed door.
  6543 | D:7      | Noticed Crazy Yiuf
  6548 | D:7      | Killed Crazy Yiuf
  6719 | D:8      | Found a staircase to the Lair.
  7225 | D:8      | Reached ***** piety under Kikubaaqudgha
  7369 | D:9      | Noticed Bronet's ghost (novice DDFi)
  7391 | D:9      | Killed Bronet's ghost
  7391 | D:9      | Reached skill level 9 in Long Blades
  7914 | D:10     | Entered Level 10 of the Dungeon
  8123 | Lair:1   | Entered Level 1 of the Lair of Beasts
  8123 | Lair:1   | Noticed a spiny frog
  8129 | Lair:1   | Killed a spiny frog
  8410 | Lair:1   | Reached XP level 11. HP: 33/95 MP: 2/16
  8764 | Lair:1   | Learned a level 3 spell: Ozocubu's Armour
  8812 | Lair:1   | Reached skill level 1 in Ice Magic
  8819 | Lair:1   | Reached skill level 1 in Charms
  9252 | Lair:2   | Noticed a five-headed hydra
  9282 | Lair:2   | Killed a five-headed hydra
  9392 | Lair:2   | Found a staircase to the Snake Pit.
  9476 | Lair:2   | Noticed a seven-headed hydra
  9513 | Lair:2   | Killed a seven-headed hydra
  9548 | Lair:2   | Reached skill level 5 in Spellcasting
 10309 | Lair:2   | Noticed an oklob plant
 10309 | Lair:2   | Noticed an oklob plant
 10879 | Lair:3   | Reached skill level 5 in Ice Magic
 10881 | Lair:3   | Reached XP level 12. HP: 53/103 MP: 13/21
 10888 | Lair:3   | Noticed a five-headed hydra
 10897 | Lair:3   | Killed a five-headed hydra
 11161 | Lair:3   | Learned a level 5 spell: Agony
 11553 | Lair:3   | Found a staircase to the Swamp.
 11599 | Lair:3   | Reached skill level 10 in Long Blades
 12088 | Lair:4   | Learned a level 5 spell: Bolt of Draining
 12209 | Lair:4   | Reached skill level 1 in Conjurations
 12313 | Lair:4   | Noticed a five-headed hydra
 12321 | Lair:4   | Killed a five-headed hydra
 12661 | Lair:4   | Reached ****** piety under Kikubaaqudgha
 13324 | Lair:5   | Reached skill level 5 in Conjurations
 14169 | Lair:5   | Noticed a seven-headed hydra
 14180 | Lair:5   | Killed a seven-headed hydra
 14180 | Lair:5   | Reached XP level 13. HP: 18/108 MP: 14/24
 14528 | Lair:6   | Entered Level 6 of the Lair of Beasts
 14686 | Lair:6   | Found a shimmering altar of Xom.
 14928 | Lair:6   | Reached skill level 10 in Necromancy
 15297 | Lair:6   | Found a staircase to the Slime Pits.
 15432 | Lair:6   | Found a large runed door.
 15433 | Lair:6   | Found a large runed door.
 15964 | Lair:6   | Noticed a fire dragon
 16144 | Lair:6   | Learned a level 5 spell: Dispel Undead
 16159 | Lair:6   | Killed a fire dragon
 16865 | D:10     | Found a staircase to the Orcish Mines.
 16920 | D:10     | Reached skill level 11 in Long Blades
 17462 | D:11     | Received a gift from Kikubaaqudgha
 17475 | D:11     | Engulfed by an ice statue's freezing vapour

Vault maps used:
D:1:      minmay_arrival_cross, kennysheep_crisscross
D:2:      minitemple, minivault_24, minmay_small_reverse_x, uniq_terence,
          uniq_jessica
D:3:      old_standard_altar, nicolae_tso_swordbearing_angel
D:4:      serial_shops, shop, kennysheep_diamond, nrook_loot_triangle,
          uniq_natasha
D:5:      minmay_temple_entry_purple_smoke, basic_altar, first_bread,
          fedhas_altar_4
D:6:      lightli_ossuary_entry_decrepit_ruins, kennysheep_generic_room_6,
          uniq_edmund
D:7:      serial_shops, nicolae_shop_competitors_out_of_business,
          uniq_crazy_yiuf_cottage, uniq_prince_ribbit1
D:8:      dpeg_oklobed_lair
D:9:      small_chamber_with_monster
D:10:     david_orc_1_choice
D:11:     basic_altar, serial_shops, shop, shop, hangedman_little_slice_of_home,
          minivault_16, uniq_maurice
Lair:2:   guppyfry_snake_entry_island, minmay_lair_oklob_chamber,
          grunt_megastairs_1
Lair:3:   nicolae_swamp_entry_splash_gauntlet, serial_bayou_pond_d,
          beast_lair_carwin_3
Lair:4:   roderic_carrion_pond, lemuel_fruit_fields
Lair:5:   lemuel_fruit_fields, grunt_megastairs_3
Lair:6:   cheibrodos_lair_end_hotspot, dpeg_slime_entry_corner, basic_altar
Ossuary:  minmay_ossuary_two_tombs

Skill      XL: |  1  2  3  4  5  6  7  8  9 10 11 12 13 |
---------------+----------------------------------------+-----
Dodging        | 2 3 4 5 6 7 |  7.9
Fighting       | 2 3 4 6 7 8 9 |  9.3
Short Blades   | 2 |  2.2
Necromancy     | 1 2 3 4 5 6 8 9 10 | 10.9
Long Blades    | 1 2 4 6 8 9 10 11 | 11.0
Spellcasting   | 2 3 6 7 8 |  8.0
Ice Magic      | 5 |  5.3
Charms         | 4 |  4.5
Conjurations   | 6 8 |  8.8
Stealth        | |  0.8
Evocations     | |  3.9

Action                   |  1- 3 |  4- 6 |  7- 9 | 10-12 | 13-15 || total
-------------------------+-------+-------+-------+-------+-------++-------
Melee: Short sword       |   123 |     8 |       |       |       ||   131
       Tailslap          |    14 |    12 |    44 |   103 |    67 ||   240
       Rapier            |       |    67 |       |     9 |       ||    76
       Falchion          |       |    46 |   313 |   616 |    17 ||   992
       Demon blade       |       |       |       |       |   348 ||   348
Throw: Tomahawk          |       |       |     1 |       |       ||     1
 Cast: Animate Dead      |       |       |       |    39 |    11 ||    50
       Regeneration      |       |       |       |    14 |    13 ||    27
       Corpse Rot        |       |       |       |     5 |     2 ||     7
       Ozocubu's Armour  |       |       |       |    13 |     8 ||    21
       Agony             |       |       |       |    10 |     2 ||    12
       Bolt of Draining  |       |       |       |     3 |     5 ||     8
Invok: Receive Corpses   |       |       |     1 |    10 |     5 ||    16
       Torment           |       |       |       |       |     1 ||     1
       Receive Necronomi |       |       |       |       |     1 ||     1
 Abil: Breathe Lightning |       |       |     8 |     9 |     1 ||    18
Evoke: Wand              |    11 |     1 |    12 |    13 |     6 ||    43
  Use: Scroll            |       |     4 |    10 |    15 |     9 ||    38
       Potion            |       |       |       |     2 |     5 ||     7
 Stab: Sleeping          |     2 |     3 |     2 |     5 |     1 ||    13
       Paralysed         |       |       |     8 |     3 |       ||    11
       Distracted        |       |       |       |     6 |     2 ||     8
       Invisible         |       |       |       |       |     9 ||     9
  Eat: Chunk             |     1 |     6 |     7 |    38 |    12 ||    64
       Meat ration       |       |       |     1 |     2 |     1 ||     4
       Fruit             |       |       |       |     1 |     2 ||     3
       Bread ration      |       |       |       |       |     1 ||     1
Armor: Skin              |    28 |    34 |    71 |   139 |   103 ||   375
Dodge: Dodged            |    86 |    67 |   215 |   379 |   255 ||  1002
       Rpst.: Falchion   |       |     8 |    68 |   111 |     4 ||   191
       Demon blade       |       |       |       |       |    71 ||    71
